 Dungeon Crawl Stone Soup version 0.21-a0-630-g344d351 (webtiles) character file.

613926 Gaball the Conqueror (level 27, -1/270 (273) HPs)
             Began as a Hill Orc Monk on Dec 25, 2017.
             Was an Initiate of Gozag.
             Killed by divine providence
             ... invoked by a greater mummy
              (14 damage)
             ... on level 1 of the Tomb of the Ancients on Dec 26, 2017.
             The game lasted 03:36:01 (68432 turns).

Gaball the Conqueror (Hill Orc Monk)               Turns: 68432, Time: 03:36:01

HP:   -1/270 (273)  AC: 55    Str: 24      XL:     27
MP:   34/34         EV: 13    Int: 15      God:    Gozag
Gold: 17826         SH:  7    Dex: 14 (18) Spells: 32/37 levels left

rFire    + . .     SeeInvis +   y - +10 battleaxe "Wieb" {chop, rElec rN+ Int+2}
rCold    . . .     Gourm    .   (shield currently unavailable)
rNeg     + + .     Faith    .   f - +8 orange crystal plate armour {Archmagi, Int+3 Clar}
rPois    +         Spirit   .   V - +2 hat
rElec    +         Reflect  +   b - +2 cloak
rCorr    .         Harm     .   E - +2 pair of gloves {Str+3}
MR       +++++     Clarity  +   p - +2 pair of boots {run}
Stlth    ..........             a - amulet of Xom's Approval {Reflect +Fly rF+ Str-2 Dex+3 SH+3}
HPRegen  0.55/turn              d - +3 ring of slaying
MPRegen  0.24/turn              Q - ring "Imifiar" {rPois rN+ MR+++ Str-2 Stlth+}

@: about to teleport, studying Axes, quick
A: large bone plates 1, molten scales 1, see invisible, high mp 1, no potion
heal 1
}: 4/15 runes: decaying, slimy, silver, gossamer
a: Potion Petition, Call Merchant, Bribe Branch, Renounce Religion, Evoke Flight


You were on level 1 of the Tomb of the Ancients.
You worshipped Gozag.
Gozag was extremely pleased with you.
You were not hungry.

You visited 12 branches of the dungeon, and saw 52 of its levels.
You also visited: Labyrinth, Ossuary and Desolation.

You collected 27515 gold pieces.
You spent 4285 gold pieces at shops.
You paid 5404 gold pieces to Gozag.

Inventory:

Hand Weapons
 h - the +8 storm bow {elec}
   (You found it on level 4 of the Lair of Beasts)

   It charges the ammunition it shoots with electricity; occasionally upon a
   hit, such missiles may discharge and cause terrible harm.
 y - the +10 battleaxe "Wieb" (weapon) {chop, rElec rN+ Int+2}
   (You took it off a gnoll on level 4 of the Dungeon)

   It inflicts extra damage upon your enemies.
   It affects your intelligence (+2).
   It insulates you from electricity.
   It protects you from negative energy.
Missiles
 g - 984 arrows
Armour
 b - a +2 cloak (worn)
 f - the +8 orange crystal plate armour (worn) {Archmagi, Int+3 Clar}
   (You found it on level 5 of the Dungeon)

   It affects your intelligence (+3).
   It protects you against confusion.
 p - a +2 pair of boots of running (worn)
 E - a +2 pair of gloves of strength (worn)
 P - the +2 pair of boots of Valiance {+Blink MR+ Dex+7}
   (You bought it in a shop on level 4 of the Vaults)

   It affects your dexterity (+7).
   It affects your resistance to hostile enchantments.
   It lets you blink.
 V - a +2 hat (worn)
 W - the +8 plate armour of the World {rPois rC+ Dex+4 SInv}
   (You took it off a minotaur in a labyrinth)

   It affects your dexterity (+4).
   It protects you from cold.
   It protects you from poison.
   It lets you see invisible.
Jewellery
 a - the amulet of Xom's Approval (around neck) {Reflect +Fly rF+ Str-2 Dex+3 SH+3}
   (You found it on level 5 of the Pits of Slime)

   [amulet of reflection]

   It shields you and reflects attacks.
   It affects your strength (-2).
   It affects your dexterity (+3).
   It protects you from fire.
   It lets you fly.
   It affects your SH (+3).
 d - a +3 ring of slaying (left hand)
 B - a +4 ring of intelligence
 Q - the ring "Imifiar" (right hand) {rPois rN+ MR+++ Str-2 Stlth+}
   (You found it on level 3 of the Crypt)

   [ring of positive energy]

   It affects your strength (-2).
   It protects you from poison.
   It protects you from negative energy.
   It affects your resistance to hostile enchantments.
   It makes you more stealthy.
 R - the ring "Taij Meymis" {rC+ Str+5}
   (You found it in the Desolation of Salt)

   [ring of protection from cold]

   It affects your strength (+5).
   It protects you from cold.
Wands
 i - a wand of enslavement (2)
 J - a wand of iceblast (9)
 S - a wand of scattershot (8)
 X - a wand of disintegration (26)
 Z - a wand of acid (18)
Scrolls
 j - 7 scrolls of silence
 k - 8 scrolls of enchant weapon
 m - 5 scrolls of enchant armour
 o - 33 scrolls of remove curse
 s - 11 scrolls of magic mapping
 u - 4 scrolls of blinking
 A - 19 scrolls of teleportation
 I - 6 scrolls of fog
 K - 10 scrolls of fear
 L - 17 scrolls of amnesia
 O - 3 scrolls of summoning
 T - 3 scrolls of brand weapon
Potions
 e - 6 potions of flight
 n - a potion of berserk rage
 q - 2 potions of heal wounds
 t - 5 potions of cancellation
 v - 2 potions of resistance
 x - 2 potions of brilliance
 z - 15 potions of curing
 C - 4 potions of haste
 F - 4 potions of mutation
 H - 7 potions of magic
 M - a potion of invisibility
 N - 3 potions of agility
Books
 r - a manual of Axes
 D - a book of Maledictions

   Spells                             Type                      Level
   a - Corona                         Hexes                        1
   b - Ensorcelled Hibernation        Hexes/Ice                    2
   c - Confuse                        Hexes                        3
   d - Tukima's Dance                 Hexes                        3
   e - Dazzling Spray                 Conjuration/Hexes            3
Miscellaneous
 l - a lightning rod (4/4)
 G - the horn of Geryon (inert)
Comestibles
 c - 40 rations


   Skills:
 O Level 27 Fighting
 - Level 20.0 Axes
 + Level 18.3 Bows
 O Level 27 Armour
 + Level 12.1 Dodging
 - Level 1.5 Stealth
 - Level 5.7 Spellcasting
 - Level 5.5 Conjurations
 - Level 6.0 Charms
 - Level 6.1 Fire Magic
 + Level 7.9 Evocations


You had 32 spell levels left.
You knew the following spells:

 Your Spells              Type           Power        Failure   Level  Hunger
a - Conjure Flame         Conj/Fire      ####....     30%         3    ###....
b - Song of Slaying       Chrm           ####....     14%         2    #......


Dungeon Overview and Level Annotations

Branches:
Dungeon (15/15)            Temple (0/1) D:4            Lair (6/6) D:11
  Swamp (4/4) Lair:3       Spider (4/4) Lair:2        Slime (5/5) Lair:5
    Orc (2/2) D:9             Elf (3/3) Orc:2        Vaults (5/5) D:13
  Crypt (3/3) Vaults:3       Tomb (2/3) Crypt:3      Depths (2/5) D:15
   Hell (1/1)                 Dis (0/7) Hell            Geh (0/7) Hell
    Coc (0/7) Hell            Tar (0/7) Hell

Altars:
Cheibriados
Fedhas
Gozag
Kikubaaqudgha
Makhleb
Nemelex Xobeh
Okawaru
Qazlal
Ru
Sif Muna
Trog
Uskayaw
Vehumet
Xom
Yredelemnul
The Shining One
Beogh
Jiyva

Shops:
D:5 %   D:11 !   D:12 %   Orc:2 (::(}   Vaults:4 *   Vaults:5 *

Portals:
Hell: Depths:1 Depths:2
Abyss: Depths:1
Ziggurat: Depths:1
Trove: Vaults:1 (give +7 demon trident)

Annotations:
Lair:6 exclusion: 4 oklob plants


Innate Abilities, Weirdness & Mutations

You are partially covered in large bone plates. (SH +4)
You are partially covered in molten scales. (AC +2)
You have supernaturally acute eyesight. (SInv)
You have an increased reservoir of magic. (+10% MP)
Potions are less effective at restoring your health.


Message History

The greater mummy points at you and mumbles some strange words.
Something smites you!
* * * LOW HITPOINT WARNING * * *
The greater mummy hits you!!
* * * LOW HITPOINT WARNING * * *
As you read the scroll of teleportation, it crumbles to dust.
You feel strangely unstable. The greater mummy barely misses you.
You slice the greater mummy!!
The greater mummy is severely damaged.
You completely miss the greater mummy.
The greater mummy is severely damaged.
The greater mummy points at you and mumbles some strange words.
Something smites you!
* * * LOW HITPOINT WARNING * * *
Your system partially rejects the healing.
You feel better.
The greater mummy points at you and mumbles some strange words.
Something smites you!
You die...
Your body crumbles into a pile of gold.

#....##...##..#..##.........#
#....###'###..#..##.[.......#
#.............#..##.........#
#.............#..##.........#
#.............#..##.........#
#....###'###..#..##.........#
#..).##...##..#..##.........#
.....#.....#..#..##.........#
.....#..#..#..#.@##.........#
.....#.....#..#M.##.........#
.....##...##..#..##.........#
.....#######..#..##.........#
..............#.M##.........#
.##############..##.........#
## #..##...).....# .#
#..##.........# .#
#.........#


You could see 2 greater mummies.

Vanquished Creatures
  the Royal Jelly (Slime:5)
  A juggernaut (Depths:2)
  3 ancient liches
  13 greater mummies
  Sojobo (Vaults:4)
  Saint Roka (Orc:2)
  Geryon (Hell)
  2 golden dragons
  Jory (Vaults:4)
  Jorgrun (Depths:1)
  A shard shrike skeleton (Crypt:1)
  Rupert (Orc:2)
  5 tentacled monstrosities (Vaults:5)
  Asterion (Elf:2)
  The ghost of Dirtsage the Fencer, an adept MiFi of the Shining One (Depths:1)
  4 deep elf master archers (Elf:3)
  8 titans (Vaults:5)
  5 deep elf blademasters (Elf:3)
  5 liches
  8 acid blobs
  Gastronok (Lair:3)
  9 sphinxes
  Murray (Hell)
  6 shadow dragons
  An ancient champion (Crypt:2)
  A storm dragon (Vaults:5)
  4 thorn hunters
  6 tengu reavers
  Kirke (D:12)
  5 revenants
  A fire giant (shapeshifter) (Vaults:5)
  12 azure jellies
  14 vault wardens
  5 deep elf sorcerers
  An iron dragon (Vaults:5)
  8 fire giants
  8 frost giants
  2 balrugs
  6 ghost moths
  A curse skull (Crypt:1)
  Aizul (Vaults:1)
  4 emperor scorpions
  A juggernaut zombie (Hell)
  5 imperial myrmidons (Desolation)
  5 deep elf elementalists
  5 ghouls
  6 reapers
  A juggernaut skeleton (Depths:1)
  3 very ugly things
  17 ironheart preservers
  3 war gargoyles
  5 vampire knights
  14 stone giants
  A lorocyproca (Hell)
  4 entropy weavers
  4 bennus
  A deep elf demonologist (Elf:1)
  6 deep elf annihilators
  4 spark wasps
  Azrael (Spider:1)
  A halazid warlock (Desolation)
  Snorg (D:11)
  11 eidola
  9 ettins
  A crystal guardian (Vaults:5)
  2 quicksilver dragon zombies
  3 jiangshi (Crypt:1)
  5 ragged hierophants
  11 deep elf death magi
  12 mummy priests
  A minotaur (shapeshifter) (Vaults:5)
  5 deep elf high priests
  7 fire dragons
  A minotaur (Lab)
  A kraken zombie (Hell)
  5 great orbs of eyes
  7 death oozes (Slime:5)
  2 rakshasas
  10 yaktaur captains
  2 quicksilver dragon skeletons
  5 servants of whispers (Desolation)
  4 peacekeepers (Desolation)
  41 vault guards
  21 hydras
  A catoblepas (Lair:2)
  An anaconda (shapeshifter) (Vaults:2)
  4 ice dragons
  13 ogre magi
  The ghost of nono the Fighter, a journeyman KoFi of Ashenzari (D:10)
  5 deep troll shamans
  A satyr (shapeshifter) (Depths:2)
  A satyr (Swamp:1)
  17 death scarabs
  34 two-headed ogres
  5 alligators
  4 death knights
  11 centaur warriors
  5 vampire magi
  A spriggan berserker (Depths:1)
  4 deep troll earth magi
  2 tengu warriors
  23 deep elf knights
  6 soul eaters
  8 sun demons
  An iron giant zombie (Crypt:2)
  3 storm dragon zombies
  A titan skeleton (Tomb:2)
  7 iron trolls
  A fire crab (shapeshifter) (Depths:1)
  6 hell knights (Depths:2)
  2 iron golems (Hell)
  21 skeletal warriors
  2 anaconda zombies
  4 unseen horrors
  2 storm dragon skeletons
  22 deep trolls
  4 shadow wraiths
  A death drake (shapeshifter) (Vaults:3)
  A deep troll (shapeshifter) (Vaults:5)
  3 spark wasp zombies (Hell)
  2 golden dragon zombies (Crypt:3)
  2 spriggan druids (Swamp:4)
  2 glowing orange brains
  13 swamp dragons
  8 flayed ghosts
  2 shadow dragon zombies
  21 deep elf archers
  17 phantasmal warriors
  2 shambling mangroves
  13 orc knights
  2 large abominations (Elf:1)
  A harpy (shapeshifter) (Depths:1)
  An anaconda skeleton (Hell)
  7 wizards
  3 wolf spider zombies
  14 ironbrand convokers
  An oklob plant (Lair:5)
  72 deep elf magi
  19 necromancers
  31 wolf spiders
  19 orb spiders
  2 stone giant zombies
  An iron dragon zombie (Tomb:1)
  2 shadow dragon skeletons
  5 cyclopes
  4 orc sorcerers
  66 ugly things
  2 manticores
  The ghost of KristoblXynda the Infuser, a novice SpSk of Okawaru (D:8)
  A fire giant zombie (Tomb:2)
  2 shining eyes (Slime:4)
  5 moths of wrath
  16 elephants
  2 iron dragon skeletons
  Maurice (D:8)
  A frost giant zombie (Crypt:3)
  5 black mambas
  A fire giant skeleton (Crypt:1)
  A stone giant skeleton (Crypt:3)
  10 rust devils (Hell)
  10 vault sentinels
  2 dire elephant zombies
  10 spiny frogs
  3 guardian serpents (Desolation)
  A guardian serpent (shapeshifter) (D:14)
  A storm dragon simulacrum (Vaults:5)
  The ghost of KristoblXynda the Infuser, a novice SpSk (D:6)
  2 gargoyles
  3 molten gargoyles
  A hellion (Hell)
  10 komodo dragons
  A dire elephant skeleton (Crypt:3)
  A komodo dragon (shapeshifter) (D:10)
  24 yaktaurs
  The ghost of anet the Vandal, a novice HaWz of Ashenzari (D:4)
  9 ice devils (Hell)
  5 rime drakes
  2 efreet (D:15)
  13 hellwings (Crypt:3)
  3 yaktaur zombies
  14 freezing wraiths
  12 demonic crawlers
  A tengu conjurer (D:13)
  32 guardian mummies
  A yellow draconian skeleton (Crypt:2)
  A sea snake skeleton (Crypt:2)
  2 jumping spiders (shapeshifter)
  A troll (shapeshifter) (Elf:1)
  3 meliai (D:13)
  A red devil (Hell)
  2 hydra zombies (Hell)
  2 meliai (shapeshifter)
  A polar bear (shapeshifter) (Vaults:3)
  5 polar bears (Lair:6)
  9 trolls
  An ettin zombie (Crypt:3)
  A wolf spider simulacrum (D:15)
  30 hornets
  A hornet (shapeshifter) (D:15)
  A merfolk (D:12)
  10 tyrant leeches
  3 hydra skeletons
  37 saltlings
  35 blink frogs
  9 hippogriffs
  4 fire dragon zombies
  34 jumping spiders
  73 slime creatures
  A dream sheep (shapeshifter) (Vaults:5)
  A moth of wrath zombie (Crypt:1)
  A stone giant simulacrum (Crypt:1)
  8 dream sheep
  An ice dragon zombie (Crypt:3)
  2 alligator zombies (Hell)
  8 bog bodies
  2 hippogriffs (shapeshifter)
  20 flying skulls
  78 redbacks
  An ice dragon skeleton (Crypt:3)
  3 ettin skeletons
  3 shadows
  5 wyverns
  A yak (shapeshifter) (Depths:2)
  26 spriggans
  27 tarantellas
  A dire elephant simulacrum (Crypt:1)
  7 wraiths
  2 air elementals
  7 ushabtiu
  9 yaks
  A human (D:13)
  3 basilisks
  7 water elementals
  12 fire elementals
  2 humans (shapeshifter)
  A golden eye (Slime:5)
  18 vampire mosquitoes
  4 hungry ghosts (Lab)
  Menkaure (D:7)
  6 insubstantial wisps (Swamp:4)
  14 swamp worms
  A deep troll zombie (Vaults:5)
  2 acid dragons (D:13)
  A soldier ant (D:13)
  10 porcupines
  A hell hound (Spider:1)
  12 water moccasins
  A floating eye (Slime:5)
  A water moccasin (shapeshifter) (Vaults:5)
  Duvessa (D:6)
  A merfolk skeleton (Hell)
  A deep troll skeleton (Vaults:5)
  A hornet zombie (Crypt:1)
  16 swamp drakes
  26 orc warriors
  A spiny frog skeleton (Crypt:1)
  3 sky beasts
  An ettin simulacrum (Depths:1)
  A fire dragon simulacrum (Hell)
  2 ice beasts
  5 black bears
  2 necrophages (Crypt:1)
  53 ogres
  8 boggarts
  4 eyes of draining
  16 wolves (Lair:6)
  An alligator simulacrum (Hell)
  A tengu (shapeshifter) (Depths:1)
  18 centaurs
  19 crocodiles
  9 big kobolds
  An elephant skeleton (Crypt:1)
  2 elf zombies
  An earth elemental (Elf:3)
  A gnoll sergeant (D:10)
  15 bullfrogs
  An elf skeleton (D:6)
  Dowan (D:6)
  13 wyvern skeletons
  5 scorpions
  14 wights
  2 spriggan zombies
  8 killer bees
  A raiju skeleton (Crypt:1)
  A howler monkey (D:5)
  3 electric eels
  4 lava snakes (Lab)
  9 crimson imps
  A basilisk zombie (Crypt:2)
  8 hounds
  2 bullfrog zombies
  2 human zombies
  7 centaur skeletons
  3 jellies
  3 bullfrog skeletons
  12 orc priests
  17 orc wizards
  A black bear skeleton (Crypt:2)
  A demonspawn skeleton (Crypt:2)
  2 human skeletons
  16 worker ants
  4 iguanas
  A felid zombie (Crypt:1)
  A big kobold zombie (Ossuary)
  38 mummies
  18 gnolls
  A howler monkey skeleton (D:4)
  10 adders
  2 shadow imps (D:7)
  3 adder skeletons
  A worm (D:2)
  A dart slug (D:3)
  4 leopard geckos
  82 orcs
  10 giant cockroaches
  5 goblins
  6 hobgoblins
  4 jackals (D:8)
  53 kobolds
  5 quokkas
  5 bats
  3 frilled lizards
  2 goblin zombies (Ossuary)
  4 hobgoblin zombies (Ossuary)
  A jackal skeleton (Crypt:1)
  A kobold zombie (Ossuary)
  A leopard gecko skeleton (D:5)
  3 orc skeletons
  An orc zombie (D:6)
  A quokka skeleton (D:5)
  A quokka zombie (D:5)
  7 rats
  6 briar patches (Swamp:4)
  5 fungi
  7 plants
  A withered plant (Crypt:3)
2410 creatures vanquished.

Vanquished Creatures (collateral kills)
  A queen bee (shapeshifter) (Depths:2)
  A hornet (Swamp:3)
  A swamp worm (Swamp:1)
3 creatures vanquished.

Vanquished Creatures (others)
  A deep elf sorcerer (Elf:3)
  A peacekeeper (Desolation)
  22 dancing weapons
  A deep elf knight (Elf:3)
  An orb spider (Spider:4)
  A deep elf mage (Elf:1)
  4 flying skulls (Tomb:2)
  A tarantella (Spider:4)
  A vampire mosquito (D:15)
  A warg (Vaults:5)
  A water moccasin (Lair:6)
  A swamp drake (Swamp:1)
  2 orc warriors (Orc:2)
  An orc (Orc:2)
  A kobold (D:12)
  15 fungi
  6 plants
  4 tentacles (Hell)
  3 withered plants (Crypt:3)
68 creatures vanquished.

Grand Total: 2481 creatures vanquished

Notes
Turn   | Place    | Note
-------+----------+-------------------------------------------
     0 | D:1      | Gaball the Hill Orc Monk began the quest for the Orb.
     0 | D:1      | Reached XP level 1. HP: 19/19 MP: 1/1
   274 | D:1      | Reached XP level 2. HP: 26/26 MP: 2/2
   475 | D:1      | Reached skill level 5 in Axes
   858 | D:2      | Reached XP level 3. HP: 30/31 MP: 3/3
   903 | D:2      | Reached XP level 4. HP: 31/39 MP: 4/4
  1465 | D:3      | Found an opulent altar of Gozag.
  1478 | D:3      | Became a worshipper of Gozag Ym Sagoz the Greedy
  1574 | D:3      | Found a burning altar of Makhleb.
  1574 | D:3      | Found a radiant altar of Vehumet.
  1591 | D:3      | Reached XP level 5. HP: 40/45 MP: 5/5
  1671 | D:3      | Found a faded altar of an unknown god.
  1675 | D:3      | Found a sparkling altar of Nemelex Xobeh.
  1783 | D:3      | Found a blossoming altar of Fedhas.
  2034 | D:3      | Noticed a big kobold
  2061 | D:3      | Killed a big kobold
  2073 | D:3      | Reached XP level 6. HP: 44/51 MP: 6/6
  2628 | D:3      | Reached skill level 10 in Axes
  2628 | D:3      | Reached XP level 7. HP: 41/57 MP: 7/7
  3123 | D:3      | Reached skill level 1 in Armour
  3535 | D:4      | Noticed anet's ghost (novice HaWz)
  3590 | D:4      | Killed anet's ghost
  3590 | D:4      | Reached skill level 5 in Fighting
  3590 | D:4      | Reached XP level 8. HP: 26/68 MP: 8/8
  3819 | D:4      | Found a staircase to the Ecumenical Temple.
  4485 | D:4      | Got a shimmering battleaxe {chop}
  4486 | D:4      | Identified the +10 battleaxe "Wieb" {chop, rElec rN+ Int+2} (You took it off a gnoll on level 4 of the Dungeon)
  4499 | D:5      | Entered Level 5 of the Dungeon
  4670 | D:5      | Found the +8 orange crystal plate armour {Archmagi, Int+3 Clar}
  4925 | D:5      | Found a stormy altar of Qazlal.
  4976 | D:5      | Found Medoteck's Food Boutique.
  5168 | D:5      | Found an iron altar of Okawaru.
  5256 | D:6      | Noticed Duvessa
  5256 | D:6      | Noticed Dowan
  5260 | D:6      | Killed Dowan
  5266 | D:6      | Killed Duvessa
  5266 | D:6      | Reached XP level 9. HP: 72/75 MP: 9/9
  5368 | D:6      | Noticed KristoblXynda's ghost (novice SpSk)
  5382 | D:6      | Killed KristoblXynda's ghost
  5457 | D:6      | You fall through a shaft!
  5502 | D:6      | Found a sand-covered staircase.
  5508 | Ossuary  | Entered an ossuary
  5527 | Ossuary  | Reached skill level 5 in Armour
  6474 | D:7      | Noticed Menkaure
  6476 | D:7      | Killed Menkaure
  6651 | D:7      | Found a glowing golden altar of the Shining One.
  6754 | D:7      | Reached XP level 10. HP: 88/88 MP: 10/10
  7001 | D:7      | Found a hide-covered altar of Uskayaw.
  7089 | D:8      | Found a stormy altar of Qazlal.
  7101 | D:8      | Noticed KristoblXynda's ghost (novice SpSk)
  7105 | D:8      | Noticed a two-headed ogre
  7117 | D:8      | Killed KristoblXynda's ghost
  7120 | D:8      | Killed a two-headed ogre
  7622 | D:8      | Found a sacrificial altar of Ru.
  7624 | D:8      | Noticed Maurice
  7627 | D:8      | Reached skill level 15 in Axes
  7632 | D:8      | Killed Maurice
  7633 | D:8      | Found a deep blue altar of Sif Muna.
  7704 | D:8      | Noticed a gargoyle
  7707 | D:8      | Killed a gargoyle
  8164 | D:9      | Found a staircase to the Orcish Mines.
  8675 | D:9      | Noticed a two-headed ogre
  8682 | D:9      | Killed a two-headed ogre
  8682 | D:9      | Reached XP level 11. HP: 89/99 MP: 11/11
  8768 | D:9      | Found a bloodstained altar of Trog.
  8778 | D:9      | Found a shimmering altar of Xom.
  8781 | D:9      | Found an opulent altar of Gozag.
  8855 | D:10     | Entered Level 10 of the Dungeon
  9019 | D:10     | Noticed nono's ghost (journeyman KoFi)
  9034 | D:10     | Killed nono's ghost
  9034 | D:10     | Reached skill level 10 in Fighting
  9314 | D:10     | Got a pair of slimy boots
  9320 | D:10     | Identified the +0 pair of boots of Xoag {rElec rC- Int+8 Slay-4} (You found it on level 10 of the Dungeon)
  9741 | D:11     | Noticed Snorg
  9752 | D:11     | Killed Snorg
  9789 | D:11     | Found Rosit's Distillery.
  9792 | D:11     | Bought a potion of mutation for 96 gold pieces
  9792 | D:11     | Bought a potion of might for 48 gold pieces
  9792 | D:11     | Bought 2 potions of heal wounds for 120 gold pieces
  9792 | D:11     | Bought a potion of invisibility for 96 gold pieces
  9792 | D:11     | Bought a potion of haste for 120 gold pieces
  9792 | D:11     | Bought a potion of mutation for 96 gold pieces
  9792 | D:11     | Bought a potion of curing for 36 gold pieces
  9792 | D:11     | Bought a potion of lignification for 36 gold pieces
  9892 | D:11     | Noticed a two-headed ogre
  9901 | D:11     | Killed a two-headed ogre
  9911 | D:11     | Found a staircase to the Lair.
 10549 | D:11     | Got a jewelled plate armour
 10560 | D:11     | Identified the +5 plate armour of the Shrike {rPois rC+ Slay+3} (You found it on level 11 of the Dungeon)
 10660 | D:12     | Noticed a manticore
 10668 | D:12     | Killed a manticore
 10679 | D:12     | Noticed a two-headed ogre
 10694 | D:12     | Killed a two-headed ogre
 10694 | D:12     | Reached XP level 12. HP: 70/110 MP: 12/12
 11242 | D:12     | Found a glowing golden altar of the Shining One.
 11255 | D:12     | Found Duyvuczo's Food Shoppe.
 11259 | D:12     | Bought a ration for 60 gold pieces
 11259 | D:12     | Bought a ration for 60 gold pieces
 11259 | D:12     | Bought a ration for 60 gold pieces
 11259 | D:12     | Bought a ration for 60 gold pieces
 11259 | D:12     | Bought a ration for 60 gold pieces
 11259 | D:12     | Bought a ration for 60 gold pieces
 11259 | D:12     | Bought a ration for 60 gold pieces
 11259 | D:12     | Bought a ration for 60 gold pieces
 11352 | D:12     | Noticed Kirke
 11361 | D:12     | Killed Kirke
 11361 | D:12     | Reached skill level 10 in Armour
 11412 | D:12     | Gained mutation: Your natural rate of healing is unusually fast. [potion of mutation]
 11412 | D:12     | Gained mutation: You are clumsy. (Dex -2) [potion of mutation]
 11412 | D:12     | Gained mutation: Your flesh is cold resistant. (rC+) [potion of mutation]
 11412 | D:12     | Gained mutation: You have a pair of small horns on your head. [potion of mutation]
 11447 | D:13     | Noticed a two-headed ogre
 11452 | D:13     | Noticed a two-headed ogre
 11454 | D:13     | Killed a two-headed ogre
 11458 | D:13     | Killed a two-headed ogre
 11588 | D:13     | Noticed a vault guard
 11588 | D:13     | Noticed a vault guard
 11588 | D:13     | Noticed a seven-headed hydra
 11595 | D:13     | Killed a seven-headed hydra
 11711 | D:13     | Killed a vault guard
 11746 | D:13     | Noticed a vault guard
 11756 | D:13     | Killed a vault guard
 11776 | D:13     | Reached XP level 13. HP: 119/119 MP: 13/13
 11791 | D:13     | Killed a vault guard
 12527 | D:13     | Found a gate to the Vaults.
 12527 | D:13     | Noticed a vault guard
 12528 | D:13     | Noticed a vault guard
 12534 | D:13     | Killed a vault guard
 12536 | D:13     | Killed a vault guard
 12739 | Orc:1    | Entered Level 1 of the Orcish Mines
 13066 | Orc:2    | Entered Level 2 of the Orcish Mines
 13067 | Orc:2    | Found a staircase to the Elven Halls.
 13085 | Orc:2    | Noticed Saint Roka
 13261 | Orc:2    | Found a roughly hewn altar of Beogh.
 13265 | Orc:2    | Noticed Rupert
 13266 | Orc:2    | Paralysed by Rupert for 7 turns
 13378 | Lair:1   | Entered Level 1 of the Lair of Beasts
 13464 | Lair:1   | Found a frozen archway.
 13473 | Lair:1   | Reached skill level 1 in Spellcasting
 13728 | Lair:1   | Found a labyrinth entrance.
 13735 | Lab      | Entered a labyrinth
 14482 | Lab      | Noticed a minotaur
 14487 | Lab      | Killed a minotaur
 14497 | Lab      | Got a bloodstained plate armour
 14508 | Lab      | Identified the +8 plate armour of the World {rPois rC+ Dex+4 SInv} (You took it off a minotaur in a labyrinth)
 15163 | Lair:2   | Lost mutation: Your natural rate of healing is unusually fast. [potion of mutation]
 15163 | Lair:2   | Lost mutation: You are clumsy. (Dex -2) [potion of mutation]
 15163 | Lair:2   | Lost mutation: You have a pair of small horns on your head. [potion of mutation]
 15163 | Lair:2   | Gained mutation: You have a pair of small antennae on your head. [potion of mutation]
 15163 | Lair:2   | Gained mutation: You are partially covered in slimy green scales. (AC +2) [potion of mutation]
 15607 | Lair:2   | Found a hole to the Spider Nest.
 15984 | Lair:3   | Reached XP level 14. HP: 130/130 MP: 18/18
 15996 | Lair:3   | Noticed Gastronok
 16010 | Lair:3   | Killed Gastronok
 16288 | Lair:3   | Found a staircase to the Swamp.
 17180 | Lair:4   | Found the +8 storm bow {elec}
 17942 | Lair:5   | Found a staircase to the Slime Pits.
 18103 | Lair:5   | Reached skill level 15 in Fighting
 18602 | Lair:6   | Entered Level 6 of the Lair of Beasts
 19300 | Lair:6   | Reached XP level 15. HP: 89/144 MP: 20/20
 20264 | Lair:6   | Identified a scroll of acquirement
 20421 | Lair:6   | Reached skill level 15 in Armour
 21690 | Orc:2    | Killed Rupert
 21992 | Orc:2    | Found Moem's Book Emporium.
 21992 | Orc:2    | Found Keatik's Weapon Shop.
 21995 | Orc:2    | Found Miekk's Book Shop.
 21995 | Orc:2    | Found Besmu's Gadget Shoppe.
 22061 | Orc:2    | Bought a manual of Bows for 1435 gold pieces
 22495 | Orc:2    | Reached skill level 1 in Bows
 23137 | Orc:2    | Killed Saint Roka
 23222 | Orc:2    | Found Osagok's Antique Weapon Emporium.
 23633 | Swamp:1  | Entered Level 1 of the Swamp
 23908 | Swamp:1  | Reached XP level 16. HP: 134/157 MP: 21/21
 24850 | Swamp:2  | Got a flickering wooden ring
 25574 | Swamp:3  | Found a snail-covered altar of Cheibriados.
 25582 | Swamp:3  | Identified the ring of Tevaarak {rCorr Str+6} (You found it on level 2 of the Swamp)
 26005 | Swamp:3  | Noticed a thorn hunter
 26016 | Swamp:3  | Killed a thorn hunter
 26032 | Swamp:3  | Noticed a thorn hunter
 26046 | Swamp:3  | Killed a thorn hunter
 26347 | Swamp:4  | Entered Level 4 of the Swamp
 26723 | Swamp:4  | Reached skill level 5 in Dodging
 26743 | Swamp:4  | Noticed a thorn hunter
 26772 | Swamp:4  | Killed a thorn hunter
 27071 | Swamp:4  | Reached XP level 17. HP: 141/168 MP: 22/22
 27696 | Swamp:4  | Got a decaying rune of Zot
 28410 | Spider:1 | Entered Level 1 of the Spider Nest
 28410 | Spider:1 | Noticed Azrael
 28416 | Lair:2   | Got a vibrating steel amulet
 28418 | Lair:2   | Identified the amulet "Neplit" {+Rage Str+6} (You acquired it on level 2 of the Lair of Beasts)
 28432 | Spider:1 | Killed Azrael
 32101 | Spider:3 | Lost mutation: You have a pair of small antennae on your head. [potion of mutation]
 32101 | Spider:3 | Lost mutation: You are partially covered in slimy green scales. (AC +2) [potion of mutation]
 32101 | Spider:3 | Gained mutation: Your natural rate of healing is unusually fast. [potion of mutation]
 32101 | Spider:3 | Gained mutation: You are resistant to hostile enchantments. (MR+) [potion of mutation]
 32111 | Spider:4 | Entered Level 4 of the Spider Nest
 32129 | Spider:4 | Reached XP level 18. HP: 173/182 MP: 0/23
 33517 | Spider:4 | Got a gossamer rune of Zot
 34620 | D:15     | Entered Level 15 of the Dungeon
 35141 | D:15     | Found a staircase to the Depths.
 35704 | Vaults:1 | Entered Level 1 of the Vaults
 35709 | Vaults:1 | Reached XP level 19. HP: 193/193 MP: 24/24
 35791 | Vaults:1 | Learned a level 3 spell: Conjure Flame
 35839 | Vaults:1 | Reached skill level 1 in Fire Magic
 35847 | Vaults:1 | Reached skill level 1 in Conjurations
 36473 | Vaults:1 | Found a portal to a secret trove of treasure.
 36605 | Vaults:1 | Noticed Aizul
 36613 | Vaults:1 | Killed Aizul
 37172 | Vaults:2 | Reached skill level 5 in Spellcasting
 37208 | Vaults:2 | Reached skill level 5 in Fire Magic
 37549 | Vaults:2 | Reached skill level 5 in Conjurations
 38179 | Vaults:2 | Reached XP level 20. HP: 169/203 MP: 28/28
 39409 | Vaults:3 | Identified Fadeqea's Collected Works on Dislocated Shape Shifting
 39691 | Vaults:3 | Found a staircase to the Crypt.
 39691 | Vaults:3 | Found an ancient bone altar of Kikubaaqudgha.
 39692 | Vaults:3 | Found a basalt altar of Yredelemnul.
 40248 | Vaults:3 | Lost mutation: Your flesh is cold resistant. (rC+) [potion of mutation]
 40248 | Vaults:3 | Lost mutation: You are resistant to hostile enchantments. (MR+) [potion of mutation]
 40248 | Vaults:3 | Gained mutation: Your body sometimes deteriorates upon taking damage. [potion of mutation]
 40248 | Vaults:3 | Gained mutation: You can translocate small distances at will. [potion of mutation]
 40249 | Vaults:3 | Lost mutation: Your body sometimes deteriorates upon taking damage. [potion of mutation]
 40249 | Vaults:3 | Lost mutation: Your natural rate of healing is unusually fast. [potion of mutation]
 40249 | Vaults:3 | Lost mutation: You can translocate small distances at will. [potion of mutation]
 40249 | Vaults:3 | Gained mutation: You passively map a small area around you. [potion of mutation]
 40249 | Vaults:3 | Gained mutation: Armour fits poorly on your strangely shaped body. [potion of mutation]
 40249 | Vaults:3 | Gained mutation: Your magical capacity is low. (-10% MP) [potion of mutation]
 40249 | Vaults:3 | Gained mutation: Your mind is acute. (Int +2) [potion of mutation]
 40250 | Vaults:3 | Lost mutation: Armour fits poorly on your strangely shaped body. [potion of mutation]
 40250 | Vaults:3 | Lost mutation: Your mind is acute. (Int +2) [potion of mutation]
 40250 | Vaults:3 | Lost mutation: Your magical capacity is low. (-10% MP) [potion of mutation]
 40250 | Vaults:3 | Gained mutation: You can translocate small distances at will. [potion of mutation]
 40250 | Vaults:3 | Gained mutation: You evolve. [potion of mutation]
 40622 | Vaults:4 | Noticed Jory
 40644 | Vaults:4 | Killed Jory
 40644 | Vaults:4 | Reached XP level 21. HP: 87/214 MP: 29/29
 41079 | Vaults:4 | Found Gasa's Assorted Antiques.
 41087 | Vaults:4 | Bought a pair of smoking boots for 199 gold pieces
 41087 | Vaults:4 | Bought a scroll of fear for 73 gold pieces
 41087 | Vaults:4 | Bought a scroll of acquirement for 1092 gold pieces
 41087 | Vaults:4 | Bought a potion of curing for 63 gold pieces
 41087 | Vaults:4 | Bought a potion of curing for 63 gold pieces
 41103 | Vaults:4 | Identified the +2 pair of boots of Valiance {+Blink MR+ Dex+7} (You bought it in a shop on level 4 of the Vaults)
 41265 | Vaults:4 | Noticed Sojobo
 42157 | Vaults:4 | Killed Sojobo
 42220 | Vaults:5 | Entered Level 5 of the Vaults
 42247 | Vaults:5 | Noticed an ancient lich
 42307 | Vaults:5 | Killed an ancient lich
 42329 | Vaults:5 | Noticed a golden dragon
 42441 | Vaults:5 | Paralysed by a sphinx for 6 turns
 42479 | Vaults:5 | Reached XP level 22. HP: 129/228 MP: 30/30
 43118 | Vaults:5 | Got a silver rune of Zot
 43887 | Depths:1 | Entered Level 1 of the Depths
 43910 | Depths:1 | Noticed Dirtsage's ghost (adept MiFi)
 44258 | Depths:1 | Killed Dirtsage's ghost
 44305 | Depths:1 | Found a gateway to a ziggurat.
 44490 | Depths:1 | Lost mutation: You passively map a small area around you. [evolution]
 44706 | Depths:1 | Found a gateway to Hell.
 44866 | Depths:1 | Reached skill level 5 in Bows
 44886 | Depths:1 | Found a sparkling altar of Nemelex Xobeh.
 44910 | Depths:1 | Found a one-way gate to the infinite horrors of the Abyss.
 44910 | Depths:1 | Noticed Jorgrun
 44914 | Depths:1 | Killed Jorgrun
 45466 | Depths:2 | Noticed a golden dragon
 45470 | Depths:2 | Killed a golden dragon
 45534 | Depths:2 | Reached XP level 23. HP: 230/238 MP: 31/31
 45540 | Depths:2 | Noticed a juggernaut
 45941 | Depths:2 | Killed a juggernaut
 46296 | Depths:2 | Reached skill level 27 in Fighting
 46427 | Depths:2 | Reached skill level 10 in Bows
 47385 | Crypt:1  | Entered Level 1 of the Crypt
 49110 | Crypt:3  | Entered Level 3 of the Crypt
 49278 | Crypt:3  | Reached XP level 24. HP: 246/249 MP: 31/31
 49347 | Crypt:3  | Found an ancient bone altar of Kikubaaqudgha.
 49605 | Crypt:3  | Found a staircase to the Tomb.
 50639 | Crypt:3  | Got an ancient steel ring
 50690 | Crypt:3  | Noticed an ancient lich
 50698 | Crypt:3  | Killed an ancient lich
 50723 | Crypt:3  | Identified the ring of Alumez {rPois rF+ rN+} (You took it off a necromancer on level 3 of the Crypt)
 50728 | Crypt:3  | Got a smoking gossamer ring
 50728 | Crypt:3  | Got a translucent copper ring
 50729 | Crypt:3  | Identified the ring "Hialoimy" {rN+ Dex+7} (You found it on level 3 of the Crypt)
 50730 | Crypt:3  | Identified the ring "Imifiar" {rPois rN+ MR+++ Str-2 Stlth+} (You found it on level 3 of the Crypt)
 51306 | Slime:1  | Entered Level 1 of the Pits of Slime
 51431 | Slime:4  | Gained mutation: Your magical capacity is low. (-10% MP) [a shining eye]
 51435 | Slime:4  | Gained mutation: Potions are less effective at restoring your health. [a shining eye]
 51471 | Slime:5  | Entered Level 5 of the Pits of Slime
 51579 | Slime:5  | Gained mutation: Your flesh is heat resistant. (rF+) [evolution]
 52041 | Slime:5  | Noticed the Royal Jelly
 52042 | Slime:5  | Found a viscous altar of Jiyva.
 52055 | Slime:5  | Killed the Royal Jelly
 52058 | Slime:5  | Paralysed by a floating eye for 4 turns
 52082 | Slime:5  | Found the +2 pair of boots of the Assassin {Detection Stab+ Stlth++}
 52114 | Slime:5  | Got a smoking granite ring
 52119 | Slime:5  | Identified the Compendium of Icy Dislocation
 52121 | Slime:5  | Identified the cursed ring of Dissent {*Drain +Inv rF+ Str-2 Dex+3} (You found it on level 5 of the Pits of Slime)
 52148 | Slime:5  | Got a sparkling amethyst amulet
 52151 | Slime:5  | Identified the amulet of Xom's Approval {Reflect +Fly rF+ Str-2 Dex+3 SH+3} (You found it on level 5 of the Pits of Slime)
 52171 | Slime:5  | Found the +0 sword of Power
 52327 | Slime:5  | Got a slimy rune of Zot
 52788 | Vaults:5 | Reached XP level 25. HP: 257/257 MP: 28/28
 53679 | Vaults:5 | Got a vibrating brass ring
 53680 | Vaults:5 | Identified the ring "Paoll" {rC+ Int+4} (You took it off a deep elf mage on level 5 of the Vaults)
 53683 | Vaults:5 | Got a glittering pewter ring
 53698 | Vaults:5 | Identified the ring "Huotilov" {Wiz rF+} (You took it off a tengu reaver on level 5 of the Vaults)
 53705 | Vaults:5 | Found Peutupt's General Store.
 53719 | Vaults:5 | Bought a potion of agility for 60 gold pieces
 53719 | Vaults:5 | Bought a scroll of fear for 52 gold pieces
 53719 | Vaults:5 | Bought a ration for 75 gold pieces
 53719 | Vaults:5 | Bought a scroll of teleportation for 45 gold pieces
 53752 | Vaults:5 | Identified the Disquisition on Arcane Weapons
 54197 | Elf:1    | Entered Level 1 of the Elven Halls
 54625 | Elf:1    | Reached skill level 15 in Bows
 55034 | Elf:1    | Identified the Incunabulum of Stolen Souls
 55225 | Elf:2    | Noticed Asterion
 55375 | Elf:2    | Found a ruined gateway.
 55508 | Elf:2    | Found a runed gate.
 55508 | Elf:2    | Found a runed gate.
 55509 | Elf:2    | Found a runed gate.
 55599 | Elf:2    | Killed Asterion
 55811 | Desolati | Entered the Desolation of Salt
 56056 | Desolati | Identified the Catalogue of the Yeti
 56440 | Desolati | Got a shimmering gossamer ring
 56449 | Desolati | Identified the ring "Baahax" {+Blink rPois MP+9 SInv} (You took it off a ragged hierophant in the Desolation of Salt)
 56484 | Desolati | Identified a +1 pair of boots of running (You found it in the Desolation of Salt)
 56959 | Desolati | Got a faintly glowing glass ring
 56962 | Desolati | Identified the ring "Huck" {rPois rF- rN++ Int+2 Dex+3} (You found it in the Desolation of Salt)
 56975 | Desolati | Got a smoking turquoise ring
 56975 | Desolati | Gained mutation: You are robust. (+10% HP) [evolution]
 56980 | Desolati | Identified the ring "Taij Meymis" {rC+ Str+5} (You found it in the Desolation of Salt)
 56984 | Desolati | Identified the Catalogue of Unstable Enhancements
 56989 | Desolati | Learned a level 2 spell: Song of Slaying
 57578 | Elf:2    | Reached skill level 1 in Charms
 57788 | Elf:3    | Entered Level 3 of the Elven Halls
 58175 | Elf:3    | Found a deep blue altar of Sif Muna.
 58319 | Elf:3    | Reached XP level 26. HP: 245/292 MP: 28/28
 59028 | Elf:3    | Found the +7 Kryia's mail coat {PotionHeal*2 rC+}
 59038 | Elf:3    | Got a scintillating emerald amulet
 59040 | Elf:3    | Identified the amulet "Buutin" {Inacc -Tele Dex+5} (You found it on level 3 of the Elven Halls)
 59297 | Elf:3    | Reached skill level 5 in Charms
 59414 | Elf:3    | Got a steaming tin ring
 59415 | Elf:3    | Identified the ring "Wavioron" {rF+ EV+4} (You found it on level 3 of the Elven Halls)
 59460 | Elf:3    | Identified the Almanac of Enchanting Unholy Rites
 60021 | Hell     | Entered the Vestibule of Hell
 60021 | Hell     | Noticed Geryon
 60039 | Hell     | Killed Geryon
 60303 | Hell     | Noticed Murray
 60766 | Hell     | Killed Murray
 61343 | Hell     | Found a gateway to the ashen valley of Gehenna.
 61409 | Hell     | Found a gateway to the decaying netherworld of Tartarus.
 61528 | Hell     | Found a gateway to the freezing wastes of Cocytus.
 61700 | Hell     | Found a gateway to the Iron City of Dis.
 61708 | Hell     | Lost mutation: You can translocate small distances at will. [potion of mutation]
 61708 | Hell     | Lost mutation: Your flesh is heat resistant. (rF+) [potion of mutation]
 61708 | Hell     | Gained mutation: You have supernaturally acute eyesight. (SInv) [potion of mutation]
 61708 | Hell     | Gained mutation: You possess an exceptional clarity of mind. [potion of mutation]
 61709 | Hell     | Lost mutation: You are robust. (+10% HP) [potion of mutation]
 61709 | Hell     | Lost mutation: You evolve. [potion of mutation]
 61709 | Hell     | Gained mutation: You can translocate small distances at will. [potion of mutation]
 61709 | Hell     | Gained mutation: You have a pair of small horns on your head. [potion of mutation]
 61710 | Hell     | Lost mutation: You have a pair of small horns on your head. [potion of mutation]
 61710 | Hell     | Lost mutation: You possess an exceptional clarity of mind. [potion of mutation]
 61710 | Hell     | Lost mutation: You can translocate small distances at will. [potion of mutation]
 61710 | Hell     | Gained mutation: You are partially covered in molten scales. (AC +2) [potion of mutation]
 61710 | Hell     | Lost mutation: Your magical capacity is low. (-10% MP) [potion of mutation]
 61710 | Hell     | Gained mutation: You are partially covered in large bone plates. (SH +4) [potion of mutation]
 61710 | Hell     | Gained mutation: You have an increased reservoir of magic. (+10% MP) [potion of mutation]
 62096 | Tomb:1   | Entered Level 1 of the Tomb of the Ancients
 62190 | Tomb:1   | Reached skill level 10 in Dodging
 62458 | Tomb:1   | Reached skill level 27 in Armour
 62909 | Tomb:1   | Noticed a greater mummy
 62958 | Tomb:1   | Killed a greater mummy
 62958 | Tomb:1   | Reached skill level 1 in Evocations
 64158 | Tomb:1   | Reached XP level 27. HP: 262/269 MP: 34/34
 64719 | Tomb:1   | Got a warped battleaxe
 64720 | Tomb:1   | Identified the +6 battleaxe "Gobbela" {freeze, Str+6 Dex+5} (You acquired it on level 1 of the Tomb of the Ancients)
 64735 | Tomb:2   | Noticed a greater mummy
 64735 | Tomb:2   | Noticed an ancient lich
 64735 | Tomb:2   | Noticed a greater mummy
 64735 | Tomb:2   | Noticed a greater mummy
 64751 | Tomb:2   | Killed a greater mummy
 64760 | Tomb:2   | HP: 11/272 [emperor scorpion[a greater mummy] (16)]
 64761 | Tomb:2   | HP: 5/272 [acid (7)]
 65250 | Tomb:2   | Killed a greater mummy
 65264 | Tomb:2   | Killed an ancient lich
 65264 | Tomb:2   | Reached skill level 5 in Evocations
 65852 | Tomb:2   | Killed a greater mummy
 66671 | Tomb:1   | Noticed a greater mummy
 66671 | Tomb:1   | Noticed a greater mummy
 66672 | Tomb:1   | Noticed a greater mummy
 66684 | Tomb:1   | Noticed a greater mummy
 66691 | Tomb:1   | Killed a greater mummy
 66692 | Tomb:1   | Killed a greater mummy
 67263 | Tomb:1   | Noticed a greater mummy
 67650 | Tomb:1   | Killed a greater mummy
 67661 | Tomb:1   | Killed a greater mummy
 67760 | Tomb:1   | Noticed a greater mummy
 67775 | Tomb:1   | Killed a greater mummy
 67797 | Tomb:1   | Killed a greater mummy
 68142 | Tomb:1   | Noticed a greater mummy
 68148 | Tomb:1   | Noticed a greater mummy
 68158 | Tomb:1   | Killed a greater mummy
 68166 | Tomb:1   | Noticed a greater mummy
 68169 | Tomb:1   | Killed a greater mummy
 68185 | Tomb:1   | Killed a greater mummy
 68419 | Tomb:1   | Noticed a greater mummy
 68428 | Tomb:1   | Noticed a greater mummy
 68431 | Tomb:1   | HP: 13/266 [greater mummy/divine providence (15)]
 68432 | Tomb:1   | Killed from afar by a greater mummy

Vault maps used:
D:1:      onia_arrival_mini_spirals, st_stairs_6
D:2:      serial_curves, eino_curves_01, eino_curves_03, minmay_pentomino_u4
D:3:      minmay_goblin_kobold_castle,
          grunt_temple_overflow_lords_of_destruction,
          nemelex_xobeh_ov_fountains_minmay, fedhas_altar_4, first_ration,
          chequers_ecumenical_altar_simple, grunt_gozag_statues
D:4:      temple_statues
D:5:      kennysheep_mini, serial_shops, shop, basic_altar,
          minmay_misc_feat_hallway
D:6:      nicolae_ossuary_entry_catacombs, serial_glass, glass_columns_b,
          glass_columns_a, uniq_duvessa
D:7:      kennysheep_little_box, tso_metal_star, uniq_menkaure
D:8:      grunt_qazlal_sundering, grunt_temple_overflow_open, uniq_maurice
D:9:      minitemple, hiddenorc1_lemuel
D:10:     kennysheep_big_flooded_room
D:11:     david_lair_generic, serial_shops, kennysheep_mini_moat, uniq_snorg
D:12:     serial_shops, nicolae_shop_competitors_out_of_business,
          hangedman_fish_farm, kennysheep_flooded_box, palyth_stone_intersect,
          uniq_kirke
D:13:     grunt_vaults_entry_fortified
D:14:     hangedman_abyss_or_decor_lesser_grid
D:15:     hangedman_depths_entry_civil_slaughter
Lair:1:   lab_entry_generic, portal_ice_cave_entry_pillars_2,
          grunt_megastairs_2, infiniplex_staircase_pool
Lair:2:   nicolae_spider_entry_non_spiders, lemuel_fruit_fields
Lair:3:   swamp_mist_pool, serial_bayou_shore_a, wad_woods_river_01,
          uniq_gastronok
Lair:5:   minmay_slime_entry_oklob_open, patterned_corridor, grunt_megastairs_1
Lair:6:   minmay_lair_end_enchanted_forest, minmay_lair_oklob_chamber,
          grunt_megastairs_3, lemuel_fruit_tree
Swamp:1:  hangedman_swamp_ruin_wall
Swamp:2:  evilmike_swamp_ruin_house_4
Swamp:3:  basic_altar
Swamp:4:  swamp_alternative
Spider:1: uniq_azrael
Spider:3: nicolae_spider_hall_of_the_moth_king, nicolae_spider_shape
Spider:4: grunt_spider_rune_parallel
Orc:2:    st_orc_ogre_mass, basic_altar, serial_shops,
          nicolae_shop_behind_doors, uniq_saint_roka, uniq_rupert
Elf:1:    eino_elf_arrival_customs, minmay_elf_necromancy
Elf:2:    portal_desolation_entry_nicolae_nacl, minmay_crystal_room,
          uniq_asterion
Elf:3:    minmay_elf_hall, basic_altar, nicolae_elf_glass_and_crystal_pillar_1,
          minivault_25
Vaults:1: v_misc_23, ontoclasm_vaults_pinch, nicolae_vaults_network_square,
          ontoclasm_vaults_ligature, nicolae_vaults_murderbox,
          hangedman_vaults_locks, nicolae_vaults_mini_display_case,
          vaults_room_door_hall, nicolae_vaults_network_periphery,
          ontoclasm_vaults_tryst, vaults_standard_mumra_x, v_misc_15,
          ontoclasm_vaults_ring_square, enter_trove_2, uniq_aizul
Vaults:2: vaults_mumra_hexcomb, grunt_vaults_trifunnel,
          nicolae_vaults_circle_grid_a, nicolae_vaults_circle_grid_a,
          grunt_vaults_twisty, hangedman_vaults_hat,
          nicolae_vaults_diagonal_hallway_8, st_spiral_rooms, v_pattern_3,
          ontoclasm_vaults_twist, nicolae_vaults_puzzle_piece,
          nicolae_vaults_specimen_jars, vaults_room_stairs_pillars
Vaults:3: minmay_crypt_entry_necro_gods, nicolae_vaults_windows_and_doors_thing,
          vaults_room_stairs_pillars, v_misc_13, st_more_cells,
          vaults_room_door_ring, ontoclasm_vaults_loading_screen,
          hangedman_vaults_cutoff, vaults_room_pool
Vaults:4: hangedman_vaults_cutoff, nicolae_vaults_little_ls, vaults_dpeg_cross,
          hangedman_vaults_corner_blocks, v_misc_26, vaults_mumra_minichess,
          serial_shops, shop_fountains, uniq_jory, uniq_sojobo
Vaults:5: serial_shops
Crypt:1:  roderic_lattice_octagonal_star
Crypt:3:  evilmike_haunted_forest
Depths:1: enter_ziggurat_f, abyss_entry, lemuel_crystal_altar, lightli_too_deep,
          lemuel_old_faithful, uniq_jorgrun
Depths:2: hangedman_arch_fort, pf_vacation_house_of_asmodeus,
          serial_bayou_pond_b
Lab:      labyrinth_watery, labyrinth_lava_lair, nicolae_lab_x
Ossuary:  ossuary_kennysheep_city_of_the_dead

Skill      XL: |  1  2  3  4  5  6  7  8  9 10 11 12 13 14 15 16 17 18 19 20 21 22 23 24 25 26 27 |
---------------+----------------------------------------------------------------------------------+-----
Axes           | 5 6 7 8 10 11 12 14 16 17 19 20 | 20.0
Armour         | 2 4 6 8 9 11 12 14 16 18 20 21 22 23 25 26 27 | 27.0
Fighting       | 5 6 7 9 11 12 13 16 17 19 21 22 23 24 25 26 27 | 27.0
Spellcasting   | 3 5 |  5.7
Bows           | 3 7 12 14 16 17 18 | 18.3
Dodging        | 6 9 10 12 | 12.1
Fire Magic     | 6 |  6.1
Conjurations   | 5 |  5.5
Charms         | 2 6 |  6.0
Evocations     | 3 7 |  7.9
Stealth        | |  1.5

Action                   |  1- 3 |  4- 6 |  7- 9 | 10-12 | 13-15 | 16-18 | 19-21 | 22-24 | 25-27 || total
-------------------------+-------+-------+-------+-------+-------+-------+-------+-------+-------++-------
Melee: Hand axe          |   107 |   212 |   264 |       |       |       |       |       |       ||   583
       Battleaxe         |       |       |   153 |   323 |   757 |  1038 |   874 |  1064 |  1197 ||  5406
       Headbutt          |       |       |       |    17 |    37 |       |       |       |       ||    54
 Fire: Longbow           |       |       |       |       |       |       |       |   179 |   362 ||   541
Throw: Tomahawk          |       |       |       |       |       |    26 |       |       |       ||    26
 Cast: Conjure Flame     |       |       |       |       |       |       |       |       |     2 ||     2
       Song of Slaying   |       |       |       |       |       |       |       |       |     8 ||     8
Invok: Potion Petition   |       |       |       |       |       |     1 |     4 |     2 |     4 ||    11
 Abil: Evoke Berserk Rag |       |       |       |       |       |       |       |     2 |       ||     2
Evoke: Wand              |       |       |       |     4 |    58 |    30 |    11 |     5 |       ||   108
       Lightning rod     |       |       |       |       |       |       |     5 |     6 |       ||    11
       Phial of floods   |       |       |       |       |       |       |     2 |     3 |     3 ||     8
       Phantom mirror    |       |       |       |       |       |       |       |     1 |       ||     1
       Horn of Geryon    |       |       |       |       |       |       |       |       |     3 ||     3
  Use: Potion            |       |     2 |     2 |     3 |     9 |    11 |    12 |     2 |    15 ||    56
       Scroll            |       |       |    15 |     6 |    10 |     2 |    11 |     8 |    28 ||    80
 Stab: Distracted        |       |     2 |     2 |     1 |     5 |    11 |    13 |    18 |    13 ||    65
       Confused          |       |       |       |       |     1 |     2 |       |       |       ||     3
       Invisible         |       |       |       |       |       |    20 |     3 |     2 |    13 ||    38
  Eat: Chunk             |       |     1 |       |     2 |       |       |       |       |       ||     3
       Ration            |       |     1 |     4 |     4 |    12 |    11 |     7 |    10 |    15 ||    64
Armor: Robe              |     6 |       |       |       |       |       |       |       |       ||     6
       Scale mail        |    41 |    79 |   100 |       |       |       |       |       |       ||   220
       Crystal plate arm |       |       |    88 |   256 |   112 |       |       |   145 |   808 ||  1409
       Plate armour      |       |       |       |       |   384 |   731 |   340 |   474 |       ||  1929
Dodge: Dodged            |    58 |    73 |    82 |    54 |   221 |   564 |   365 |   593 |   608 ||  2618
Block: Other             |       |       |    23 |    42 |   111 |    66 |       |     7 |   191 ||   440
       Reflection        |       |       |     2 |     6 |     4 |       |       |     1 |     3 ||    16

Table legend:
 A = Spawn XP
 B = Non-spawn XP
 C = Spawn XP percentage of total XP
 D = Spawn monster count
 E = Non-spawn monster count
 F = Spawn count percentage of total count
 G = Total turns spent on level
                    A         B        C        D         E        F      G
               +---------+---------+-------+---------+---------+-------+---------
         Total |       0 | 1374630 |   0.0 |       0 |    2407 |   0.0 | 68432
               +---------+---------+-------+---------+---------+-------+---------
           D:1 |       0 |      21 |   0.0 |       0 |      14 |   0.0 |   718
           D:2 |       0 |     168 |   0.0 |       0 |      18 |   0.0 |   842
           D:3 |       0 |     600 |   0.0 |       0 |      54 |   0.0 |  1635
           D:4 |       0 |     814 |   0.0 |       0 |      36 |   0.0 |  1304
           D:5 |       0 |     459 |   0.0 |       0 |      17 |   0.0 |   706
           D:6 |       0 |    1177 |   0.0 |       0 |      17 |   0.0 |   712
           D:7 |       0 |    1329 |   0.0 |       0 |      29 |   0.0 |   754
           D:8 |       0 |    3078 |   0.0 |       0 |      21 |   0.0 |  1052
           D:9 |       0 |    2130 |   0.0 |       0 |      28 |   0.0 |   908
          D:10 |       0 |    3313 |   0.0 |       0 |      28 |   0.0 |   888
          D:11 |       0 |    3238 |   0.0 |       0 |      19 |   0.0 |  1097
          D:12 |       0 |    6030 |   0.0 |       0 |      43 |   0.0 |   974
          D:13 |       0 |   18215 |   0.0 |       0 |      44 |   0.0 |  1551
          D:14 |       0 |    9661 |   0.0 |       0 |      28 |   0.0 |   811
          D:15 |       0 |   21828 |   0.0 |       0 |      52 |   0.0 |  1514
        Lair:1 |       0 |    4806 |   0.0 |       0 |      22 |   0.0 |   920
        Lair:2 |       0 |    4387 |   0.0 |       0 |      22 |   0.0 |  1144
        Lair:3 |       0 |    7330 |   0.0 |       0 |      21 |   0.0 |  1167
        Lair:4 |       0 |    4508 |   0.0 |       0 |      19 |   0.0 |   948
        Lair:5 |       0 |    5043 |   0.0 |       0 |      17 |   0.0 |   981
        Lair:6 |       0 |   24743 |   0.0 |       0 |      94 |   0.0 |  2180
       Swamp:1 |       0 |   10012 |   0.0 |       0 |      30 |   0.0 |   914
       Swamp:2 |       0 |    5675 |   0.0 |       0 |      19 |   0.0 |   804
       Swamp:3 |       0 |   21376 |   0.0 |       0 |      48 |   0.0 |  1468
       Swamp:4 |       0 |   34302 |   0.0 |       0 |      75 |   0.0 |  1509
      Spider:1 |       0 |    7981 |   0.0 |       0 |      24 |   0.0 |   974
      Spider:2 |       0 |   11119 |   0.0 |       0 |      36 |   0.0 |  1650
      Spider:3 |       0 |   24772 |   0.0 |       0 |      61 |   0.0 |  1228
      Spider:4 |       0 |   45716 |   0.0 |       0 |     102 |   0.0 |  1520
       Slime:1 |       0 |    2890 |   0.0 |       0 |       5 |   0.0 |    38
       Slime:3 |       0 |    7888 |   0.0 |       0 |      18 |   0.0 |    99
       Slime:4 |       0 |    7152 |   0.0 |       0 |       9 |   0.0 |   289
       Slime:5 |       0 |   35829 |   0.0 |       0 |      28 |   0.0 |   645
         Orc:1 |       0 |    2621 |   0.0 |       0 |      20 |   0.0 |  2220
         Orc:2 |       0 |   27333 |   0.0 |       0 |      78 |   0.0 |   786
         Elf:1 |       0 |   33048 |   0.0 |       0 |      54 |   0.0 |  1114
         Elf:2 |       0 |   41170 |   0.0 |       0 |      58 |   0.0 |  1294
         Elf:3 |       0 |   65976 |   0.0 |       0 |      59 |   0.0 |  1914
      Vaults:1 |       0 |   33452 |   0.0 |       0 |      55 |   0.0 |  1305
      Vaults:2 |       0 |   63523 |   0.0 |       0 |      94 |   0.0 |  2283
      Vaults:3 |       0 |   66216 |   0.0 |       0 |      97 |   0.0 |  1452
      Vaults:4 |       0 |   33815 |   0.0 |       0 |      29 |   0.0 |  2526
      Vaults:5 |       0 |  162967 |   0.0 |       0 |     127 |   0.0 |  2275
       Crypt:1 |       0 |   32127 |   0.0 |       0 |      43 |   0.0 |   899
       Crypt:2 |       0 |   24560 |   0.0 |       0 |      33 |   0.0 |   933
       Crypt:3 |       0 |   63759 |   0.0 |       0 |      98 |   0.0 |  2284
        Tomb:1 |       0 |  115271 |   0.0 |       0 |     102 |   0.0 |  3800
        Tomb:2 |       0 |   52144 |   0.0 |       0 |      57 |   0.0 |  2139
      Depths:1 |       0 |   57856 |   0.0 |       0 |      69 |   0.0 |  2479
      Depths:2 |       0 |   75777 |   0.0 |       0 |      81 |   0.0 |  1468
          Hell |       0 |   46912 |   0.0 |       0 |      71 |   0.0 |   871
           Lab |       0 |    1993 |   0.0 |       0 |       9 |   0.0 |   777
       Ossuary |       0 |     297 |   0.0 |       0 |      12 |   0.0 |   392
    Desolation |       0 |   36223 |   0.0 |       0 |      63 |   0.0 |  1267
               +---------+---------+-------+---------+---------+-------+---------
